 Dungeon Crawl Stone Soup version 0.31-a0-1074-g0b22e4e0f1 (webtiles) character file.

Game seed: 5544784340664437129

52042 BigPumpCobain the Peltast (level 14, -11/134 (135) HPs)
             Began as a Minotaur Fighter on Dec 6, 2023.
             Was an Initiate of Gozag.
             Mangled by an orc knight
             ... wielding a +0 great mace
              (22 damage)
             ... on level 1 of the Orcish Mines.
             The game lasted 00:33:27 (22700 turns).

BigPumpCobain the Peltast (Minotaur Fighter)       Turns: 22700, Time: 00:33:29

HP:   -11/134 (135) AC: 28    Str: 26    XL:     14   Next: 25%
MP:   2/13          EV: 10    Int:  5    God:    Gozag
Gold: 3889          SH:  8    Dex: 16    Spells: 13/13 levels left

rFire   + + +        s - +8 lance "Wyrmbane" {slay drac, rPois rF+ rC+ AC+3}
rCold   . . .        c - +0 buckler
rNeg    . . .        R - +3 fire dragon scales
rPois   +            (helmet restricted)
rElec   .            k - +1 cloak
rCorr   .            Q - +3 Mad Mage's Maulers {Infuse+∞ VampMP -Cast}
SInv    .            e - +0 pair of boots
Will    +....        (no amulet) Stlth
                     f - ring of flight
HPRegen 0.42/turn    h - +6 ring of dexterity
MPRegen 0.13/turn

%: no spellcasting, infuse magic (2 MP)
@: gold aura, flying, studying Ranged Weapons, lightly drained
A: horns 2, retaliatory headbutt
a: Renounce Religion, Potion Petition, Call Merchant, Bribe Branch


You were on level 1 of the Orcish Mines.
You worshipped Gozag.
Gozag was most pleased with you.
You visited 4 branches of the dungeon, and saw 19 of its levels.
You also visited: Bailey.

You collected 5203 gold pieces.
You spent 144 gold pieces at shops.
You paid 1170 gold pieces to Gozag.

Inventory:

Hand Weapons
 a - a +0 war axe
 s - the +8 lance "Wyrmbane" (weapon) {slay drac, rPois rF+ rC+ AC+3}
   (You found it on level 3 of the Dungeon)

   AC+3:      It affects your AC (+3).
   rF+:       It protects you from fire.
   rC+:       It protects you from cold.
   rPois:     It protects you from poison
Armour
 c - a +0 buckler (worn)
 e - a +0 pair of boots (worn)
 k - a +1 cloak (worn)
 w - a scarf of repulsion
 Q - the +3 Mad Mage's Maulers (worn) {Infuse+∞ VampMP -Cast}
   (You found it in a bailey)

   Infuse+∞: It empowers its wearer's blows with all of their magic.
   VampMP:    Blows struck in melee replenish the wearer's magic.
   -Cast:     It prevents spellcasting.
 R - +3 fire dragon scales (worn)
Jewellery
 f - a ring of flight (left hand)
 h - a +6 ring of dexterity (right hand)
 D - a ring of resist corrosion
 T - a ring of poison resistance
 V - a ring of ice
Wands
 j - a wand of light (14)
 u - a wand of roots (10)
 B - a wand of charming (13)
 L - a wand of flame (31)
 M - a wand of mindburst (7)
 N - a wand of digging (4)
Scrolls
 l - 2 scrolls of blinking
 m - 5 scrolls of enchant weapon
 q - 2 scrolls of silence
 t - 9 scrolls of noise
 x - a scroll of fog
 y - a scroll of summoning
 A - 3 scrolls of poison
 C - 11 scrolls of teleportation
 E - 2 scrolls of torment
 F - 2 scrolls of revelation
 G - 4 scrolls of identify
 I - 2 scrolls of brand weapon
 K - 4 scrolls of fear
 U - a scroll of immolation {unknown}
 W - a scroll of enchant armour
Potions
 b - 2 potions of brilliance {unknown}
 d - a potion of might
 g - 3 potions of magic {unknown}
 i - a potion of invisibility {unknown}
 n - 5 potions of attraction {unknown}
 o - 3 potions of heal wounds {unknown}
 p - 2 potions of resistance {unknown}
 r - 2 potions of cancellation {unknown}
 v - 6 potions of curing
 z - a potion of berserk rage {unknown}
 H - 3 potions of ambrosia {unknown}
 J - 3 potions of degeneration {unknown}
 O - a potion of enlightenment {unknown}
 P - 3 potions of mutation {unknown}
 S - a potion of haste {unknown}


   Skills:
 + Level 15.3 Fighting
 - Level 4.8(10.7) Axes
 + Level 14.6(14.9) Polearms
 + Level 15.4 Armour
 + Level 15.4 Shields


You had 13 spell levels left.
You didn't know any spells.
Your spell library contained the following spells:

 Spells                   Type           Power      Damage    Failure   Level
 Sandblast                Erth           0%         2d4       75%         1
 Passwall                 Tmut/Erth      0%         N/A       87%         2
 Sublimation of Blood     Necr           0%         N/A       87%         2
 Wereblood                Tmut           0%         N/A       87%         2
 Ozocubu's Armour         Ice            0%         N/A       98%         3
 Stone Arrow              Conj/Erth      0%         3d7       98%         3
 Brom's Barrelling Bould  Conj/Erth      0%         2d3       100%        4
 Vhi's Electric Charge    Tloc/Air       0%         N/A       100%        4
 Arcjolt                  Conj/Air       0%         1d10      100%        5
 Metabolic Englaciation   Hex/Ice        0%         N/A       100%        5
 Summon Hydra             Summ           0%         N/A       100%        7
 Maxwell's Capacitive Co  Air            0%         ∞         100%        8
 Simulacrum               Ice/Necr       Unusable   N/A       N/A         6

Dungeon Overview and Level Annotations

Branches:
Dungeon (12/15)            Temple (1/1) D:6            Lair (4/5) D:8
  Swamp (0/4) Lair:3       Spider (0/4) Lair:2        Slime (0/5) Lair:4
    Orc (2/2) D:9             Elf (0/3) Orc:2        Bailey (visited)

Altars:
Ashenzari
Cheibriados
Dithmenos
Elyvilon
Fedhas
Gozag
Hepliaklqana
Kikubaaqudgha
Makhleb
Nemelex Xobeh
Okawaru
Qazlal
Ru
Sif Muna
Trog
Uskayaw
Vehumet
Wu Jian
Xom
Yredelemnul
Zin
The Shining One
Jiyva

Shops:
D:4 **   Orc:2 ?

Annotations:
D:4 3 runed translucent doors, Beryl's ghost, amateur DrIE
Lair:1 3 runed translucent doors, Ukasumac's ghost, journeyman DgSh


Innate Abilities, Weirdness & Mutations

You have a pair of horns on your head.
You reflexively headbutt those who attack you in melee.


Message History

The orc knight is severely wounded.
You puncture the orc knight!
You headbutt the orc knight, but do no damage.
The orc knight is almost dead.
You block the orc warrior's attack. You block the orc knight's attack.
The orc knight closely misses you.
You hit the orc knight but do no damage.
You headbutt the orc knight, but do no damage.
The orc knight is almost dead.
You hit the orc knight. Your headbutt misses the orc knight.
The orc knight is almost dead.
The orc warrior hits you but does no damage.
The orc knight hits you with a +0 long sword of protection!!
The orc knight hits you with a +0 great mace!!
You closely miss the orc knight.
The orc knight is almost dead.
You closely miss the orc knight. Your headbutt misses the orc knight.
The orc knight is almost dead.
You block the orc warrior's attack.
The orc knight hits you with a +0 long sword of protection!
* * * LOW HITPOINT WARNING * * *
The orc knight hits you with a +0 great mace!
* * * LOW HITPOINT WARNING * * *
You puncture the orc knight!
You kill the orc knight!
You puncture the orc knight!
The orc knight is moderately wounded.
The orc warrior barely misses you. You furiously retaliate!
You headbutt the orc warrior.
The orc knight hits you with a +0 great mace!
* * * LOW HITPOINT WARNING * * *
You hit the orc knight.
The orc knight is moderately wounded.
You puncture the orc knight!
You headbutt the orc knight, but do no damage.
The orc knight is heavily wounded.
The orc warrior is distracted by your dazzling golden aura.
The orc knight hits you with a +0 great mace!!
You die...
Your body crumbles into a pile of gold.

###########################
##.##...#.$$$#.#.##.#.#.##.#
#.........[@o......).)......
##.#......[o[.........).....
##...................#..#.#
#..........................
###.#....#..........#.......
####....#.............##.......
##.#...................###....##
#...#.....)..#.#.#......####...#
###.###...##....##......## ##.##


You could see an orc knight (strong) and an orc warrior (strong, unaware).

Vanquished Creatures
  Frances (D:11)
  An orc warlord (Orc:2)
  The ghost of Pokonic1 the Ogre Mage, a journeyman OgEE of Vehumet (Lair:2)
  2 hydras
  2 two-headed ogres
  A dancing weapon (Lair:2)
  5 death yaks (Lair:3)
  3 orc high priests
  A skyshark (Lair:3)
  3 orc knights
  A manticore (D:11)
  4 orc sorcerers
  2 cyclopes
  12 elephants
  6 black mambas
  10 cane toads
  Maggie (D:6)
  2 unseen horrors
  5 rime drakes (Lair:4)
  11 komodo dragons
  A kobold demonologist (D:11)
  3 trolls
  3 meliai (Lair:4)
  A tyrant leech (Lair:3)
  2 hornets
  A queen bee (Lair:4)
  A polar bear (Lair:4)
  A blink frog (Lair:4)
  A jumping spider (Lair:2)
  5 dream sheep (Lair:4)
  A wraith (D:10)
  7 wyverns
  23 yaks
  2 humans (D:10)
  7 basilisks
  4 redbacks (Lair:2)
  3 wargs (Orc:2)
  Edmund (D:6)
  A swamp worm (Lair:3)
  12 water moccasins
  5 black bears
  2 ice beasts
  35 orc warriors
  8 ogres
  13 wolves
  3 centaurs
  5 phantoms
  2 kobold brigands
  A gnoll sergeant (D:10)
  4 scorpions
  14 bullfrogs
  8 wights
  43 killer bees
  4 howler monkeys
  A centaur zombie (D:4)
  12 orc priests
  3 hounds
  2 jellies
  Crazy Yiuf (D:7)
  Terence (D:2)
  Jessica (D:3)
  3 iguanas
  23 orc wizards
  4 sleepcaps
  4 hell rats (Lair:3)
  3 hound zombies (D:4)
  A howler monkey zombie (D:4)
  Robin (D:4)
  10 gnolls
  14 adders
  A river rat (Lair:4)
  3 shadow imps
  3 white imps (D:6)
  An adder skeleton (D:4)
  3 worms
  2 dart slugs
  93 orcs
  7 ball pythons
  5 bats
  8 endoplasms
  3 giant cockroaches
  9 hobgoblins
  7 jackals
  15 kobolds
  4 quokkas
  2 frilled lizards
  20 goblins
  A quokka zombie (D:4)
  7 rats
579 creatures vanquished.

Vanquished Creatures (others)
  An orc wizard (Orc:2)
  2 orcs (Orc:2)
3 creatures vanquished.

Grand Total: 582 creatures vanquished

Notes
Turn   | Place    | Note
-------+----------+-------------------------------------------
     0 | D:1      | BigPumpCobain the Minotaur Fighter began the quest for the
                  | Orb.
     0 | D:1      | Reached XP level 1. HP: 19/19 MP: 0/0
    44 | D:1      | Found a faded altar of an unknown god.
   139 | D:1      | Reached XP level 2. HP: 27/27 MP: 1/1
   602 | D:1      | Reached XP level 3. HP: 33/33 MP: 2/2
  1116 | D:2      | Noticed Terence
  1124 | D:2      | Killed Terence
  1221 | D:2      | Reached XP level 4. HP: 34/40 MP: 3/3
  1935 | D:3      | Reached XP level 5. HP: 27/47 MP: 4/4
  2214 | D:3      | Noticed Jessica
  2225 | D:3      | Killed Jessica
  2242 | D:3      | Found a sacrificial altar of Ru.
  2344 | D:3      | Found the +8 lance "Wyrmbane" {slay drac, rPois rF+ rC+
                  | AC+3}
  2488 | D:3      | Found a white marble altar of Elyvilon.
  2494 | D:3      | Found a bloodstained altar of Trog.
  2497 | D:3      | Found an ancient bone altar of Kikubaaqudgha.
  2738 | D:4      | Noticed a phantom
  2747 | D:4      | Killed a phantom
  2748 | D:4      | Reached skill level 5 in Fighting
  2748 | D:4      | Reached skill level 1 in Polearms
  2748 | D:4      | Reached skill level 5 in Armour
  2748 | D:4      | Reached skill level 5 in Shields
  2748 | D:4      | Reached XP level 6. HP: 47/56 MP: 5/5
  2870 | D:4      | Noticed Robin
  2882 | D:4      | Killed Robin
  2997 | D:4      | Identified the +1 leather armour of Decompression {Rampage
                  | Dex+4}
  3061 | D:4      | Found Deafo's Neck Hole.
  3073 | D:4      | Reached XP level 7. HP: 61/61 MP: 6/6
  3077 | D:4      | Bought a scarf of repulsion for 144 gold pieces
  3347 | D:4      | Found a runed translucent gate.
  3348 | D:4      | Found a runed translucent gate.
  3349 | D:4      | Found a runed translucent gate.
  3350 | D:4      | Found an opulent altar of Gozag.
  3351 | D:4      | Noticed a hornet
  3352 | D:4      | Noticed Beryl's ghost (amateur DrIE)
  3399 | D:4      | Found Mumomnann's General Store.
  3568 | D:5      | Entered Level 5 of the Dungeon
  3649 | D:5      | Reached XP level 8. HP: 71/71 MP: 7/7
  3941 | D:5      | Found a hazy altar of Hepliaklqana.
  4202 | D:6      | Reached skill level 5 in Polearms
  4333 | D:6      | Found a staircase to the Ecumenical Temple.
  4360 | D:6      | Found a shimmering altar of Xom.
  4493 | D:6      | Noticed Edmund
  4511 | D:6      | Killed Edmund
  4784 | D:6      | Reached XP level 9. HP: 80/80 MP: 8/8
  5097 | D:6      | Noticed Maggie
  5113 | D:6      | Killed Maggie
  5343 | D:6      | Found a stormy altar of Qazlal.
  5492 | Temple   | Entered the Ecumenical Temple
  6279 | D:7      | Found a runed translucent door.
  6280 | D:7      | Noticed Crazy Yiuf
  6287 | D:7      | Killed Crazy Yiuf
  6565 | D:8      | Noticed a two-headed ogre
  6575 | D:8      | Killed a two-headed ogre
  6576 | D:8      | Reached XP level 10. HP: 84/91 MP: 9/9
  6690 | D:8      | Found a staircase to the Lair.
  6777 | D:8      | Noticed an elephant
  6788 | D:8      | Killed an elephant
  6826 | D:8      | Identified the +8 long sword "Osmu Kik" {freeze, Stlth+}
  7444 | Temple   | Became a worshipper of Gozag Ym Sagoz the Greedy
  7543 | D:9      | Found a blossoming altar of Fedhas.
  7563 | D:9      | Reached skill level 10 in Armour
  7722 | D:9      | Reached skill level 10 in Fighting
  7722 | D:9      | Reached skill level 10 in Shields
  7880 | D:9      | Found a flagged portal.
  7896 | Bailey   | Entered a bailey
  8201 | Bailey   | Found the +3 Mad Mage's Maulers {Infuse+∞ VampMP -Cast}
  8204 | Bailey   | Identified the +0 chain mail "Wivvate" {Int+2 SInv}
  8428 | D:9      | Found a staircase to the Orcish Mines.
  8535 | D:9      | Found a burning altar of Makhleb.
  8876 | D:10     | Entered Level 10 of the Dungeon
  8876 | D:10     | Noticed a two-headed ogre
  8884 | D:10     | Killed a two-headed ogre
  8900 | D:10     | Reached XP level 11. HP: 43/101 MP: 2/10
  9504 | D:10     | Found an iron altar of Okawaru.
  9977 | D:10     | Reached skill level 10 in Polearms
 10202 | D:11     | Found a gate leading to a gauntlet.
 11547 | D:12     | Noticed Frances
 11551 | D:12     | Noticed a sixfirhy
 11564 | D:11     | Killed Frances
 11807 | Lair:1   | Entered Level 1 of the Lair of Beasts
 12400 | Lair:1   | Noticed Ukasumac's ghost (journeyman DgSh)
 12440 | Lair:1   | Found a runed translucent gate.
 12440 | Lair:1   | Found a runed translucent gate.
 12440 | Lair:1   | Found a runed translucent gate.
 12740 | Lair:1   | Reached XP level 12. HP: 112/112 MP: 3/11
 13834 | Lair:2   | Found a hole to the Spider Nest.
 14378 | Lair:2   | Found a runed translucent door.
 14378 | Lair:2   | Found a shimmering altar of Xom.
 14378 | Lair:2   | Noticed Pokonic1's ghost (journeyman OgEE)
 14426 | Lair:2   | Killed Pokonic1's ghost
 14761 | Lair:2   | Noticed a six-headed hydra
 14767 | Lair:2   | Killed a six-headed hydra
 15373 | Lair:3   | Found a staircase to the Swamp.
 16005 | Lair:3   | Noticed a death yak
 16006 | Lair:3   | Noticed a death yak
 16006 | Lair:3   | Noticed a death yak
 16009 | Lair:3   | Noticed a death yak
 16013 | Lair:3   | Noticed a death yak
 16033 | Lair:3   | Killed a death yak
 16034 | Lair:3   | Reached XP level 13. HP: 91/123 MP: 1/12
 16044 | Lair:3   | HP: 4/123 [death yak (15)]
 18039 | Lair:4   | Identified the +0 ring mail of the Wary Deaths {rCorr}
 18424 | Lair:4   | Found a staircase to the Slime Pits.
 18426 | Lair:4   | Found a viscous altar of Jiyva.
 19197 | Lair:4   | Identified the +3 rapier "Tongej" {freeze, +Blink}
 19979 | Orc:1    | Entered Level 1 of the Orcish Mines
 20947 | Orc:2    | Entered Level 2 of the Orcish Mines
 20952 | Orc:2    | Reached skill level 15 in Shields
 20964 | Orc:2    | Reached skill level 15 in Armour
 20980 | Orc:2    | Reached skill level 15 in Fighting
 20990 | Orc:2    | Reached XP level 14. HP: 126/135 MP: 1/13
 21470 | Orc:2    | Found a staircase to the Elven Halls.
 21730 | Orc:2    | Found Geclipn's Magic Scroll Emporium.
 21932 | Orc:2    | Noticed an orc warlord
 21952 | Orc:2    | Paralysed by an orc sorcerer for 4 turns
 21963 | Orc:2    | Paralysed by an orc sorcerer for 4 turns
 22289 | Orc:2    | Killed an orc warlord
 22295 | Orc:2    | Paralysed by an orc sorcerer for 4 turns
 22300 | Orc:2    | HP: 3/125 [orc warrior/+3 antimagic glaive (16)]
 22314 | Orc:1    | HP: 2/128 [orc high priest/+0 hand axe (13)]
 22700 | Orc:1    | Mangled by an orc knight

Illustrated notes

Levels and vault maps discovered:
D:1:      dpeg_arrival_round_c, layout_basic,
          shapermc_ecumenical_altar_mp_highgroup, minmay_tetromino_o4
D:2:      layout_loops_ring, uniq_terence
D:3:      layout_basic, mainiacjoe_overflow_boulevard,
          grunt_temple_overflow_open, uniq_jessica
D:4:      layout_basic, serial_shops, shop, serial_undead, serial_undead_c,
          serial_undead_e, serial_undead_d, serial_undead_c,
          ebering_ghost_gozag, nicolae_shop_sticking_my_neck_out, uniq_robin
D:5:      layout_rooms, nicolae_hepliaklqana_hazy_memory, minmay_fountain_box,
          eino_small_chamber_without_monster
D:6:      layout_loops_ring, nicolae_qazlal_eye_of_the_storm,
          mainiacjoe_overflow_paths, minmay_temple_entry_butterflies,
          serial_library, serial_library_hellmonk_u_bend,
          serial_library_hellmonk_hallway_b,
          serial_library_regret_index_branch_corner,
          serial_library_hellmonk_big_corner,
          serial_library_hellmonk_open_cross,
          serial_library_hellmonk_open_cross,
          serial_library_regret_index_split_case,
          serial_library_regret_index_split_case,
          serial_library_hellmonk_narrow_alcove, minivault_23, uniq_maggie,
          uniq_edmund
D:7:      layout_gridville, uniq_crazy_yiuf_cottage
D:8:      layout_basic, grunt_lair_entry_orc_guard_hut
D:9:      layout_loops_ring, fedhas_altar_3, lightli_temple_of_fire,
          orc_0_dummy, enter_bailey_3, kennysheep_nondescript
D:10:     layout_gridville, okawaru_humans
D:11:     layout_roguey, gauntlet_entry_generic
D:12:     layout_grid_maze, kennysheep_decorative_pillar, uniq_frances,
          uniq_nergalle
Temple:   hellmonk_temple_forest_ring
Lair:1:   layout_cellular_growth, serial_forest, infiniplex_forest_clump_tiny,
          infiniplex_forest_clump_cross, infiniplex_forest_lined_3,
          infiniplex_forest_straight_3, infiniplex_forest_diagonal,
          infiniplex_forest_lined_corner, gammafunk_ghost_icy
Lair:2:   layout_small_grid, nicolae_spider_entry_tight_spaces,
          ebering_ghost_xom, grunt_megastairs_1
Lair:3:   layout_misc_corridors, minmay_swamp_entry_worms
Lair:4:   regret_index_bee_streams, layout_regular_city, slime_entry_1
Orc:1:    layout_caves, bh_open_orc_temple
Orc:2:    st_orc_congregation, layout_diamond_mine, serial_shops,
          nicolae_shop_back_alley_shop, lightli_orcish_oven

Skill      XL: |  1  2  3  4  5  6  7  8  9 10 11 12 13 |
---------------+----------------------------------------+-----
Axes           | 3 4 |  4.8
Armour         | 4 5 6 7 9 10 12 13 15 | 15.4
Fighting       | 4 5 6 7 9 10 12 13 15 | 15.3
Shields        | 4 5 6 7 9 10 12 13 15 | 15.4
Polearms       | 1 2 4 5 7 9 11 12 14 | 14.6

Action                     |  1- 3 |  4- 6 |  7- 9 | 10-12 | 13-15 || total
---------------------------+-------+-------+-------+-------+-------++-------
  Melee: War axe           |    73 |    65 |       |       |       ||   138
         Headbutt          |     7 |    15 |    44 |    86 |   107 ||   259
         Lance             |       |    74 |   290 |   556 |   632 ||  1552
 Invoke: Potion Petition   |       |       |       |       |     2 ||     2
    Use: Scroll            |       |     2 |     4 |     8 |     3 ||    17
         Potion            |       |       |       |       |     3 ||     3
   Stab: Distracted        |       |       |       |     6 |     6 ||    12
         Invisible         |       |       |       |       |     7 ||     7
 Armour: Scale mail        |    53 |    69 |   131 |    71 |       ||   324
         Fire dragon scale |       |       |       |   183 |   267 ||   450
  Dodge: Dodged            |    32 |    43 |    45 |   111 |   119 ||   350
  Block: Buckler           |    20 |    24 |    42 |   123 |   134 ||   343

Table legend: (Time is in decaauts)
 A = Elapsed time spent in this place.
 B = Non-inter-level travel time spent in this place.
 C = Inter-level travel time spent in this place.
 D = Time resting spent in this place.
 E = Time spent auto-exploring this place.
 F = Levels seen in this place.
 G = Mean time per level.
                   A        B        C        D        E       F      G
               +--------+--------+--------+--------+--------+-----+--------+
         Total |  22135 |  21283 |    852 |   1175 |  17727 |  20 | 1106.8 |
       Dungeon |  11304 |  10663 |    641 |      0 |   9332 |  12 |  942.0 |
        Temple |     26 |      1 |     25 |      0 |      0 |   1 |   26.0 |
          Lair |   7848 |   7682 |    166 |    516 |   6540 |   4 | 1962.0 |
  Orcish Mines |   2537 |   2518 |     19 |    659 |   1561 |   2 | 1268.5 |
        Bailey |    418 |    418 |      0 |      0 |    294 |   1 |  418.0 |
               +--------+--------+--------+--------+--------+-----+--------+

Top non-repeatable levels by time:
  Lair:4: 2616 daAuts
  Lair:2: 2396 daAuts
   Orc:1: 1639 daAuts
  Lair:3: 1503 daAuts
    D:11: 1436 daAuts
     D:6: 1374 daAuts
  Lair:1: 1331 daAuts
    D:10: 1325 daAuts
     D:1: 1115 daAuts
     D:8: 1079 daAuts
     D:9: 917 daAuts
   Orc:2: 898 daAuts
     D:3: 892 daAuts
     D:7: 885 daAuts
     D:4: 822 daAuts
